 Dungeon Crawl Stone Soup version 0.31-a0-210-gccc998df9b (webtiles) character file.

Game seed: 17380309569832228752

834 qw the Chopper (level 7, -2/48 HPs)
             Began as a Gargoyle Fighter on June 29, 2023.
             Slain by a gnoll
             ... wielding a +0 halberd
              (5 damage)
             ... on level 5 of the Dungeon.
             The game lasted 00:02:17 (4212 turns).

qw the Chopper (Gargoyle Fighter)                   Turns: 4212, Time: 00:02:18

Health: -2/48      AC: 15    Str: 20    XL:     7   Next: 98%
Magic:  7/7        EV:  8    Int:  8    God:
Gold:   249        SH:  4    Dex: 13    Spells: 6/6 levels left

rFire   . . .        Y - +0 war axe
rCold   . . .        c - +0 buckler
rNeg    + . .        o - +0 chain mail
rPois   inf          (no helmet)
rElec   +            (no cloak)
rCorr   .            (no gloves)
SInv    .            j - +0 pair of boots
Will    +....        (no amulet) Stlth
                     (no ring)
HPRegen 0.28/turn    (no ring)
MPRegen 0.10/turn

%: no passive effects
@: no status effects
A: sickness immunity, AC +4, negative energy resistance 1, electricity
resistance, torment resistance 1, petrification resistance, agile 1,
strong-willed 1, robust 1, subdued magic 1
a: no special abilities


You were on level 5 of the Dungeon.
You visited 1 branch of the dungeon, and saw 5 of its levels.

You collected 249 gold pieces.


Innate Abilities, Weirdness & Mutations

You are immune to sickness and miasma.
Your stone body is resilient. (AC +4)
You are immune to poison.
You resist negative energy. (rN+)
You are resistant to electric shocks. (rElec)
You are resistant to unholy torment.
You are immune to petrification.
You are agile. (Dex +4, Str/Int -1)
You are strong-willed. (Will+)
You are robust. (+10% HP)
Your spells are a little easier to cast, but a little less powerful.


   Skills:
 - Level 5.3 Fighting
 + Level 7.1 Axes
 - Level 3.2 Armour
 - Level 1.1 Dodging
 - Level 3.2 Shields


You had 6 spell levels left.
You didn't know any spells.
Your spell library was empty.

Inventory:

Hand Weapons
 e - a +0 flail
 Y - a +0 war axe (weapon)
Armour
 c - a +0 buckler (worn)
 j - a +0 pair of boots (worn)
 o - a +0 chain mail (worn)
Wands
 p - a wand of digging (8)
Scrolls
 m - 2 scrolls of identify
Potions
 b - a potion of heal wounds {unknown}
 d - 2 potions of might
 f - 2 potions of mutation
 g - 2 potions of curing
 i - a potion of haste
 k - 2 potions of attraction
 l - 2 potions of enlightenment {unknown}
 n - a potion of lignification {unknown}

Dungeon Overview and Level Annotations

Branches:
Dungeon (5/15)
 Temple: D:4-7

Altars:
Makhleb
Trog

Shops:
D:4 :


Message History

The gnoll hits you from afar with a +0 halberd.
You closely miss the gnoll. The gnoll closely misses you.
The gnoll hits you but does no damage.
You barely miss the gnoll. You block the gnoll's attack.
The gnoll hits you with a +0 whip.
You slash the gnoll!
The gnoll is heavily wounded.
You block the gnoll's attack. The gnoll closely misses you.
You barely miss the gnoll.
The gnoll is heavily wounded.
The gnoll barely misses you. The gnoll hits you but does no damage.
The gnoll barely misses you. The gnoll hits you but does no damage.
You hit the gnoll.
The gnoll is severely wounded.
The gnoll barely misses you. The gnoll hits you with a +0 whip.
You closely miss the gnoll.
The gnoll is severely wounded.
The gnoll hits you but does no damage. The gnoll hits you with a +0 whip.
You hit the gnoll but do no damage.
The gnoll is severely wounded.
The gnoll barely misses you. The gnoll hits you but does no damage.
You barely miss the gnoll.
The gnoll is severely wounded.
The gnoll barely misses you. The gnoll hits you but does no damage.
You slash the gnoll!
You kill the gnoll!
You block the gnoll's attack.
You slash the ogre!
The ogre is moderately wounded.
The ogre hits you with a +0 giant club!
The gnoll hits you from afar with a +0 halberd!
The gnoll barely misses you.
You slash the ogre!
The ogre is severely wounded.
The ogre closely misses you. The gnoll closely misses you.
You barely miss the ogre.
The ogre is severely wounded.
The ogre barely misses you.
The gnoll hits you from afar with a +0 halberd.
You die...

.# .# .###### . .##...#
.. ..#.#.# ... ))..#.###
.... ##)##...##### .....
....#:......# ####h.....
##..#.#.....###.@OgJ....
...#.########..##g.....
##.#..........## .....
#........###.# ###.
######.......# #.#..#.##
#.##...#######
#....>.......#
#####............#


You could see an ogre, a jelly, 2 gnolls and a jackal.

Vanquished Creatures
  2 black bears
  An ogre (D:5)
  A scorpion (D:4)
  2 jellies (D:4)
  2 hounds (D:5)
  2 orc priests (D:5)
  2 iguanas (D:5)
  2 orc wizards (D:5)
  3 adders
  8 gnolls
  A white imp (D:5)
  An ufetubus (D:4)
  A worm (D:2)
  A dart slug (D:4)
  8 orcs
  3 bats
  6 endoplasms
  A giant cockroach (D:4)
  7 hobgoblins
  9 jackals
  8 quokkas
  8 ball pythons
  A frilled lizard (D:2)
  9 goblins
  7 kobolds
  26 rats
122 creatures vanquished.

Notes
Turn   | Place    | Note
-------+----------+-------------------------------------------
     0 | D:1      | qw the Gargoyle Fighter began the quest for the Orb.
     0 | D:1      | Reached XP level 1. HP: 14/14 MP: 1/1
     0 | D:1      | 0 ||| qw: Version: 0.3-a-24-ga2abf7b
     0 | D:1      | 0 ||| qw: Game counter: 7048
     0 | D:1      | 0 ||| qw: Melee chars always use a shield: true
     0 | D:1      | 0 ||| qw: God list: Okawaru
     0 | D:1      | 0 ||| qw: Allow faded altars: false
     0 | D:1      | 0 ||| qw: Do Orc after clearing Dungeon:15 true
     0 | D:1      | 0 ||| qw: Do second Lair branch before Depths: true
     0 | D:1      | 0 ||| qw: Lair rune preference: random
     0 | D:1      | 0 ||| qw: Goals: Normal, Zot:1-4, Slime:5, God:TSO, Crypt,
                  | Tomb, Abyss, Pan, Hells, Win
     0 | D:1      | 0 ||| PLANNING D:1-11
     6 | D:1      | Noticed a polar bear
     6 | D:1      | Noticed a hog
     6 | D:1      | Noticed a black mamba
     7 | D:1      | Noticed a four-headed hydra
     7 | D:1      | Noticed an iguana
    47 | D:1      | HP: 2/14 [frozen (3)]
    50 | D:1      | Reached skill level 2 in Axes
   284 | D:1      | 284 ||| Stepping ~*~*~tactically~*~*~ (hiding).
   287 | D:1      | 287 ||| Stepping ~*~*~tactically~*~*~ (hiding).
   293 | D:1      | Reached XP level 2. HP: 19/19 MP: 2/2
   303 | D:1      | 303 ||| FLEEEEING.
   304 | D:1      | 304 ||| FLEEEEING.
   305 | D:1      | 305 ||| FLEEEEING.
   306 | D:1      | 306 ||| FLEEEEING.
   307 | D:1      | 307 ||| FLEEEEING.
   308 | D:1      | 308 ||| FLEEEEING.
   309 | D:1      | 309 ||| FLEEEEING.
   310 | D:1      | 310 ||| FLEEEEING.
   311 | D:1      | 311 ||| FLEEEEING.
   312 | D:1      | 312 ||| FLEEEEING.
   313 | D:1      | 313 ||| FLEEEEING.
   314 | D:1      | 314 ||| FLEEEEING.
   316 | D:1      | 316 ||| FLEEEEING.
   317 | D:1      | 317 ||| FLEEEEING.
   318 | D:1      | 318 ||| FLEEEEING.
   319 | D:1      | 319 ||| FLEEEEING.
   320 | D:1      | 320 ||| FLEEEEING.
   321 | D:1      | 321 ||| FLEEEEING.
   322 | D:1      | 322 ||| FLEEEEING.
   323 | D:1      | 323 ||| FLEEEEING.
   362 | D:1      | 362 ||| Stepping ~*~*~tactically~*~*~ (stealth).
   364 | D:1      | 364 ||| Stepping ~*~*~tactically~*~*~ (hiding).
   365 | D:1      | 365 ||| Stepping ~*~*~tactically~*~*~ (hiding).
   366 | D:1      | 366 ||| Stepping ~*~*~tactically~*~*~ (hiding).
   368 | D:1      | 368 ||| Stepping ~*~*~tactically~*~*~ (hiding).
   424 | D:1      | 424 ||| Stepping ~*~*~tactically~*~*~ (stealth).
   436 | D:1      | 436 ||| DROPPING +0 club.
   618 | D:1      | 618 ||| UPGRADING to +0 pair of boots.
   623 | D:1      | 623 ||| READING scroll labelled DUIPNIO HYIHA.
   634 | D:1      | 634 ||| READING scroll labelled ZEPER DEUDYN.
   635 | D:1      | 635 ||| DRINKING 2 bubbling ruby potions.
   635 | D:1      | Gained mutation: Your spells are a little easier to cast,
                  | but a little less powerful. [potion of mutation]
   635 | D:1      | Gained mutation: You have hidden genetic potential. [potion
                  | of mutation]
   635 | D:1      | Gained mutation: You are agile. (Dex +4, Str/Int -1)
                  | [potion of mutation]
   636 | D:1      | 636 ||| DRINKING 2 grey potions.
   664 | D:2      | Reached skill level 3 in Axes
   665 | D:2      | Reached XP level 3. HP: 21/23 MP: 3/3
   894 | D:2      | Gained mutation: You are robust. (+10% HP) [hidden
                  | potential]
  1149 | D:2      | Reached XP level 4. HP: 30/30 MP: 4/4
  1433 | D:2      | 1433 ||| UPGRADING to +0 chain mail.
  1443 | D:2      | 1443 ||| DROPPING +0 scale mail.
  1444 | D:2      | 1444 ||| READING scroll labelled NOJEUS NAUPA.
  1445 | D:2      | 1445 ||| READING scroll labelled HAONAL UFUWN.
  1446 | D:2      | 1446 ||| READING 3 scrolls labelled XIVUCIOKUNAOSM.
  1447 | D:2      | 1447 ||| DRINKING 3 ruby potions.
  1448 | D:2      | 1448 ||| READING 2 scrolls of identify.
  1448 | D:2      | 1448 ||| IDENTIFYING inky potion
  1449 | D:2      | 1449 ||| DROPPING potion of degeneration.
  1497 | D:3      | Found a burning altar of Makhleb.
  1668 | D:3      | Found a bloodstained altar of Trog.
  1780 | D:3      | Reached skill level 4 in Axes
  1849 | D:3      | Gained mutation: You are strong-willed. (Will+) [hidden
                  | potential]
  1849 | D:3      | Lost mutation: You have hidden genetic potential. [hidden
                  | potential expressed]
  1879 | D:3      | 1879 ||| DROPPING +0 whip.
  2404 | D:3      | 2404 ||| Stepping ~*~*~tactically~*~*~ (hiding).
  2406 | D:3      | 2406 ||| Stepping ~*~*~tactically~*~*~ (hiding).
  2408 | D:3      | 2408 ||| Stepping ~*~*~tactically~*~*~ (hiding).
  2410 | D:3      | 2410 ||| Stepping ~*~*~tactically~*~*~ (hiding).
  2411 | D:3      | 2411 ||| Stepping ~*~*~tactically~*~*~ (hiding).
  2558 | D:3      | 2558 ||| READING scroll labelled BAVIWAATWU.
  2559 | D:3      | 2559 ||| READING 3 scrolls of identify.
  2559 | D:3      | 2559 ||| IDENTIFYING sedimented emerald potion
  2560 | D:3      | 2560 ||| READING 2 scrolls of identify.
  2560 | D:3      | 2560 ||| IDENTIFYING white potion
  2561 | D:3      | 2561 ||| DROPPING potion of berserk rage.
  2624 | D:4      | Reached XP level 5. HP: 33/35 MP: 5/5
  2662 | D:4      | Noticed a black bear
  2663 | D:4      | 2663 ||| Stepping ~*~*~tactically~*~*~ (stealth).
  2666 | D:4      | 2666 ||| Stepping ~*~*~tactically~*~*~ (stealth).
  2677 | D:4      | Killed a black bear
  2678 | D:4      | Reached skill level 5 in Axes
  2678 | D:4      | Reached XP level 6. HP: 33/40 MP: 6/6
  2849 | D:4      | 2849 ||| Stepping ~*~*~tactically~*~*~ (stealth).
  2851 | D:4      | 2851 ||| Stepping ~*~*~tactically~*~*~ (stealth).
  2854 | D:4      | 2854 ||| Stepping ~*~*~tactically~*~*~ (stealth).
  2870 | D:4      | 2870 ||| Stepping ~*~*~tactically~*~*~ (stealth).
  2976 | D:4      | Reached skill level 1 in Dodging
  2986 | D:4      | 2986 ||| FLEEEEING.
  2987 | D:4      | 2987 ||| FLEEEEING.
  3196 | D:4      | Found Kalud's Book Boutique.
  3493 | D:4      | 3493 ||| DROPPING ring of wizardry.
  3494 | D:4      | 3494 ||| DROPPING ring of flight.
  3504 | D:5      | Entered Level 5 of the Dungeon
  3533 | D:5      | 3533 ||| Stepping ~*~*~tactically~*~*~ (stealth).
  3542 | D:5      | Reached skill level 6 in Axes
  3545 | D:5      | HP: 6/41 [orc priest/divine providence (15)]
  3548 | D:5      | Reached XP level 7. HP: 8/47 MP: 7/7
  3551 | D:5      | HP: 3/47 [orc wizard/magic dart (6)]
  3741 | D:5      | 3741 ||| Stepping ~*~*~tactically~*~*~ (stealth).
  3830 | D:5      | HP: 7/47 [black bear (5)]
  3835 | D:5      | Reached skill level 7 in Axes
  4027 | D:5      | 4027 ||| Stepping ~*~*~tactically~*~*~ (stealth).
  4031 | D:5      | 4031 ||| Stepping ~*~*~tactically~*~*~ (stealth).
  4037 | D:5      | 4037 ||| Stepping ~*~*~tactically~*~*~ (hiding).
  4057 | D:5      | 4057 ||| FLEEEEING.
  4058 | D:5      | 4058 ||| FLEEEEING.
  4063 | D:5      | 4063 ||| FLEEEEING.
  4152 | D:5      | 4152 ||| Stepping ~*~*~tactically~*~*~ (hiding).
  4210 | D:5      | HP: 3/48 [gnoll/+0 halberd (13)]
  4212 | D:5      | Slain by a gnoll

Levels and vault maps discovered:
D:1:      onia_arrival_zoo_common, layout_rooms
D:2:      layout_loops_ring, minmay_rat_hole
D:3:      layout_basic, trog_three_pillars_becter, bloody_makhleb,
          nicolae_figureground_pulse
D:4:      layout_basic, serial_shops, shop, minmay_misc_feat_cross
D:5:      layout_basic, minmay_temple_entry_antechambers

Skill      XL: |  1  2  3  4  5  6  7 |
---------------+----------------------+-----
Axes           | 2 3 4 5 6 7 |  7.1
Dodging        | 1 |  1.1
Fighting       | 4 5 |  5.3
Armour         | |  3.2
Shields        | |  3.2

Action                     |  1- 3 |  4- 6 |  7- 9 || total
---------------------------+-------+-------+-------++-------
  Melee: War axe           |   143 |   140 |   118 ||   401
    Use: Scroll            |     2 |     7 |       ||     9
         Potion            |     2 |     1 |       ||     3
 Armour: Scale mail        |    83 |     1 |       ||    84
         Chain mail        |       |    80 |    78 ||   158
  Dodge: Dodged            |    68 |    44 |    78 ||   190
  Block: Buckler           |    33 |    32 |    30 ||    95

Table legend:
 A = Non-vault XP
 B = Vault XP
 C = Vault XP percentage of total XP
 D = Non-vault monster count
 E = Vault monster count
 F = Vault count percentage of total count
                 A         B        C        D         E       F
            +---------+---------+-------+---------+---------+-------
      Total |    1172 |      20 |   1.7 |     103 |      19 |  15.6
            +---------+---------+-------+---------+---------+-------
        D:1 |      29 |       0 |   0.0 |      18 |       0 |   0.0
        D:2 |      40 |      20 |  33.3 |      23 |      19 |  45.2
        D:3 |      36 |       0 |   0.0 |      14 |       0 |   0.0
        D:4 |     395 |       0 |   0.0 |      23 |       0 |   0.0
        D:5 |     672 |       0 |   0.0 |      25 |       0 |   0.0
            +---------+---------+-------+---------+---------+-------
